 Dungeon Crawl Stone Soup version 0.27-a0-1319-geec4fb4e21 (webtiles) character file.

Game seed: 2231610545940143796

7548 mordus the Cleaver (level 10, -24/77 HPs)
             Began as a Black Draconian Monk on June 18, 2021.
             Was a Priest of Qazlal.
             Killed from afar by Erica (31 damage)
             ... with a bolt of poison
             ... on level 9 of the Dungeon on June 21, 2021.
             The game lasted 00:48:52 (14364 turns).

mordus the Cleaver (Black Draconian Monk)          Turns: 14364, Time: 00:48:52

Health: -24/77     AC: 14    Str: 17    XL:     10   Next: 96%
Magic:  15/15      EV: 31    Int: 10    God:    Qazlal [***...]
Gold:   118        SH:  4    Dex: 14    Spells: 9/9 levels left

rFire    + . .     SeeInvis .   I - +4 hand axe (venom)
rCold    + . .     Faith    .   (no shield)
rNeg     . . .     Spirit   .   (armour unavailable)
rPois    .         Reflect  .   G - +0 hat
rElec    +         Harm     .   B - +1 cloak
rCorr    .         Rampage  .   H - +0 pair of gloves of Ixuom {+Blink rF+ Slay+3}
Will     .....                  (no boots)
Stlth    +.........             A - amulet of the acrobat
HPRegen  0.22/turn              f - ring of protection from cold
MPRegen  0.14/turn              q - +4 ring of protection

@: lethally poisoned (-24 -> -39), acrobatic
A: breathe lightning, AC +7, unfitting armour, electricity resistance,
cold-blooded
a: Breathe Lightning, Renounce Religion, Evoke Blink, Upheaval, Elemental Force


You were on level 9 of the Dungeon.
You worshipped Qazlal.
Qazlal was most pleased with you.
You visited 2 branches of the dungeon, and saw 10 of its levels.
You also visited: Sewer.

You collected 672 gold pieces.
You spent 554 gold pieces at shops.

Inventory:

Hand Weapons
 a - a +1 hand axe
 I - a +4 hand axe of venom (weapon)
 J - a +1 vorpal hand axe
 L - the +3 whip of Gozag's Brutal Revenge {distort, rElec rPois}
   (You took it off an orc on level 9 of the Dungeon)

   It warps and distorts space around it.
   Unwielding it can cause banishment or high damage.
   It insulates you from electricity.
   It protects you from poison.
Missiles
 d - 6 atropa-tipped darts (quivered)
 s - 9 throwing nets
 u - 2 boomerangs of dispersal
Armour
 h - a +1 pair of gloves
 B - a +1 cloak (worn)
 E - a +0 kite shield
 G - a +0 hat (worn)
 H - the +0 pair of gloves of Ixuom (worn) {+Blink rF+ Slay+3}
   (You bought it in a shop on level 7 of the Dungeon)

   It affects your accuracy and damage with ranged weapons and melee attacks
   (+3).
   It protects you from fire.
   It lets you blink.
Jewellery
 f - a ring of protection from cold (left hand)
 q - a +4 ring of protection (right hand)
 r - a ring of protection from fire
 v - an amulet of reflection
 A - an amulet of the acrobat (around neck)
 D - an amulet of magic regeneration
Wands
 m - a wand of acid (5)
 w - a wand of flame (18)
 x - a wand of digging (4)
 y - a wand of polymorph (20)
 C - a wand of iceblast (5)
 F - a wand of paralysis (5)
Scrolls
 c - 2 scrolls of magic mapping
 g - a scroll of immolation
 o - 2 scrolls of teleportation
 t - a scroll of blinking
 M - a scroll of amnesia {unknown}
Potions
 b - 3 potions of ambrosia
 e - 4 potions of flight
 i - 4 potions of brilliance
 j - 2 potions of magic {unknown}
 k - 4 potions of heal wounds
 l - 3 potions of haste {unknown}
 n - 2 potions of curing
 p - a potion of attraction
 z - a potion of resistance {unknown}
Miscellaneous
 K - a piece from Xom's chessboard (15/15)


   Skills:
 - Level 3.2 Fighting
 * Level 12.7 Axes
 + Level 8.7 Dodging
 - Level 1.7 Stealth
 + Level 7.3 Invocations


You had 9 spell levels left.
You didn't know any spells.
Your spell library contained the following spells:

 Spells                   Type           Power      Damage    Failure   Level
 Animate Skeleton         Necr           0%         N/A       36%         1
 Beastly Appendage        Tmut           0%         N/A       36%         1
 Magic Dart               Conj           0%         1d3       36%         1
 Pain                     Necr           0%         1d4       36%         1
 Summon Small Mammal      Summ           0%         N/A       36%         1
 Blink                    Tloc           N/A        N/A       50%         2
 Call Imp                 Summ           0%         N/A       50%         2
 Slow                     Hex            0%         N/A       50%         2
 Wereblood                Tmut           0%         N/A       50%         2
 Call Canine Familiar     Summ           0%         N/A       75%         3
 Conjure Flame            Conj/Fire      0%         6-21      75%         3
 Gell's Gravitas          Tloc           0%         N/A       75%         3
 Lesser Beckoning         Tloc           0%         N/A       75%         3
 Mephitic Cloud           Conj/Pois/Air  0%         N/A       75%         3
 Spider Form              Tmut/Pois      0%         N/A       75%         3
 Summon Guardian Golem    Hex/Summ       0%         N/A       75%         3
 Teleport Other           Tloc           0%         N/A       75%         3
 Vampiric Draining        Necr           0%         2d6       75%         3
 Animate Dead             Necr           0%         N/A       98%         4
 Ice Form                 Ice/Tmut       0%         N/A       98%         4
 Summon Ice Beast         Ice/Summ       0%         N/A       98%         4
 Summon Lightning Spire   Summ/Air       0%         N/A       98%         4
 Agony                    Necr           0%         N/A       100%        5
 Manifold Assault         Tloc           0%         N/A       100%        5


Dungeon Overview and Level Annotations

Branches:
Dungeon (9/15)             Temple (1/1) D:5           Sewer (visited)
   Lair: D:8-11         Orc: D:9-12

Altars:
Ashenzari
Cheibriados
Dithmenos
Elyvilon
Fedhas
Gozag
Hepliaklqana
Kikubaaqudgha
Makhleb
Nemelex Xobeh
Okawaru
Qazlal
Ru
Sif Muna
Trog
Uskayaw
Vehumet
Wu Jian
Xom
Yredelemnul
Zin
Lugonu

Shops:
D:2 ![   D:3 !   D:7 [:[**

Annotations:
D:5 2 transporters, Dvallin's ghost, weakling HuDe
D:9 Erica


Innate Abilities, Weirdness & Mutations

You can breathe wild blasts of lightning.
Your glossy black scales are hard. (AC +7)
You cannot fit into any form of body armour.
You are resistant to electric shocks. (rElec)
You are cold-blooded and may be slowed by cold attacks.


Message History

The orc wizard casts a spell.
The orc wizard flickers and vanishes!
Deactivating autopickup; reactivate with Ctrl-A.
You have got your breath back.
The boulder beetle curls into a ball and begins rolling!
The boulder beetle hits you!!
* * * LOW HITPOINT WARNING * * *
The boulder beetle stops rolling and uncurls.
The boulder beetle curls into a ball and begins rolling!
Found a scroll of identify.
The boulder beetle completely misses you.
The boulder beetle stops rolling and uncurls.
The boulder beetle curls into a ball and begins rolling!
The sentinel's mark upon you fades away.
The orc warrior throws a stone.
The stone hits you but does no damage. Qazlal accepts your kill.
You feel a bit more experienced.
Something tries to affect you, but you resist.
A deep elf pyromancer comes into view. It is wielding a +0 long sword.
The orc warrior throws a stone.
The stone barely misses you.
A puff of flame appears from out of thin air!
The puff of flame misses you.
Found 8 gold pieces.
The orc wizard points at you and mumbles some strange words.
The magic dart hits you but does no damage.
The orc warrior throws a stone.
You block the stone.
Found a bubbling grey potion.
The orc wizard mumbles some strange words.
The orc wizard flickers and vanishes!
The orc warrior throws a stone.
Found 15 gold pieces.
Found a leather armour.
You see here 15 gold pieces.
Something tries to affect you, but you resist.
You hear a shout!
Erica points at you and mumbles some strange words.
The bolt of poison misses you.
Erica points at you and mumbles some strange words.
The bolt of poison hits you!!
You are lethally poisoned!
You die...

.# #.#### ......
############.....!
#......$.o...$..##
#.###..#.........#
#.# #..#.##.....##
#.###.?#.##.......
#@# ....[##.##.###
#.#.#..####.# .#
#.#.#..# #.##'##
#.@....####.#...##
###.##.....o.....#
#..#............
##....##.........
#.[......########
##.....#e#♣♣.♣♣ ♣


You could see Erica.

Vanquished Creatures
  A boulder beetle (D:9)
  A catoblepas (D:9)
  Maggie (D:9)
  A queen bee (shapeshifter) (D:9)
  Grinder (D:4)
  A hornet (D:9)
  14 yaks
  A water moccasin (D:5)
  An ice beast (D:6)
  2 orc warriors (D:9)
  A black bear (D:5)
  2 necrophages
  An ogre (D:5)
  5 centaurs
  2 kobold brigands
  3 phantoms
  2 gnoll sergeants (D:7)
  2 bullfrogs
  A scorpion (D:7)
  2 water moccasin skeletons
  A howler monkey (D:9)
  2 electric eels
  A centaur zombie (D:9)
  3 hounds
  A gnoll shaman (D:7)
  2 jellies
  6 orc priests
  A centaur skeleton (D:5)
  Natasha (twice) (D:4)
  An iguana (D:4)
  9 orc wizards
  Robin (D:4)
  A howler monkey zombie (D:9)
  4 adders
  A howler monkey skeleton (D:6)
  2 river rats (Sewer)
  25 gnolls
  2 white imps
  An ufetubus (D:6)
  An adder zombie (D:5)
  2 worms (D:2)
  4 dart slugs
  29 orcs
  4 bats
  8 endoplasms
  9 giant cockroaches
  13 goblins
  15 hobgoblins
  17 jackals
  7 quokkas
  9 ball pythons
  2 frilled lizards (D:1)
  15 kobolds
  6 rats
252 creatures vanquished.

Vanquished Creatures (others)
  8 plants (D:9)
8 creatures vanquished.

Grand Total: 260 creatures vanquished

Notes
Turn   | Place    | Note
-------+----------+-------------------------------------------
     0 | D:1      | mordus the Draconian Monk began the quest for the Orb.
     0 | D:1      | Reached XP level 1. HP: 19/19 MP: 1/1
   373 | D:1      | Reached XP level 2. HP: 17/26 MP: 2/2
  1390 | D:2      | Reached XP level 3. HP: 25/31 MP: 3/3
  1463 | D:2      | Found Akaroc's Distillery.
  1475 | D:2      | Bought a potion of degeneration for 14 gold pieces
  1536 | D:2      | Reached skill level 4 in Axes
  2412 | D:2      | Found Yrelom's Armour Emporium.
  2674 | D:3      | Reached XP level 4. HP: 37/38 MP: 4/4
  2999 | D:3      | Found a faded altar of an unknown god.
  3146 | D:3      | Found an iron altar of Okawaru.
  3385 | D:3      | Found a sacrificial altar of Ru.
  3418 | D:3      | Found Zojukh's Distillery.
  3531 | D:3      | Reached skill level 5 in Axes
  3901 | D:3      | Reached XP level 5. HP: 45/45 MP: 5/5
  3937 | D:3      | HP: 2/45 [orc wizard/puff of flame (5)]
  4262 | D:4      | Found a large runed translucent door.
  4262 | D:4      | Found a large runed translucent door.
  4769 | D:4      | Noticed Grinder
  4769 | D:4      | Noticed Natasha
  4773 | D:4      | Noticed a necrophage
  4913 | D:4      | Reached XP level 6. HP: 46/51 MP: 6/6
  4958 | D:4      | Killed Natasha
  4959 | D:4      | Reached skill level 6 in Axes
  5138 | D:4      | Noticed Natasha
  5155 | D:4      | Paralysed by Grinder for 3 turns
  5158 | D:4      | Killed Natasha
  5170 | D:4      | Paralysed by Grinder for 4 turns
  5181 | D:4      | Paralysed by Grinder for 4 turns
  5198 | D:4      | HP: 1/51 [Grinder/nerve-wracking pain (12)]
  5200 | D:4      | Killed Grinder
  5201 | D:4      | Your scales start taking on a glossy black colour.
  5201 | D:4      | Reached XP level 7. HP: 20/57 MP: 7/7
  5201 | D:4      | Gained mutation: You are resistant to electric shocks.
                  | (rElec) [Black Draconian growth]
  5417 | D:4      | Reached skill level 7 in Axes
  5544 | D:4      | Reached skill level 5 in Dodging
  5765 | D:4      | Noticed Robin
  5799 | D:4      | Killed Robin
  5863 | D:4      | Found a hazy altar of Hepliaklqana.
  5867 | D:4      | Found a white marble altar of Elyvilon.
  5867 | D:4      | Found an ancient bone altar of Kikubaaqudgha.
  5878 | D:4      | Found a sparkling altar of Nemelex Xobeh.
  5881 | D:4      | Found a shadowy altar of Dithmenos.
  6054 | D:4      | Found an opulent altar of Gozag.
  6195 | D:4      | Found a broken altar of Ashenzari.
  6200 | D:4      | Found a basalt altar of Yredelemnul.
  6280 | D:5      | Entered Level 5 of the Dungeon
  6305 | D:5      | Reached skill level 8 in Axes
  6323 | D:5      | Reached XP level 8. HP: 43/63 MP: 8/8
  6701 | D:5      | Found a glowing drain.
  6706 | Sewer    | Entered a sewer
  6886 | Sewer    | Found a white marble altar of Elyvilon.
  7099 | D:5      | Found a transporter.
  7129 | D:5      | Found a transporter.
  7153 | D:5      | Noticed Dvallin's ghost (weakling HuDe)
  7291 | D:5      | Upgraded the game from 0.27-a0-1308-gc08437e49b to
                  | 0.27-a0-1319-geec4fb4e21
  7553 | D:5      | Found a staircase to the Ecumenical Temple.
  7575 | Temple   | Entered the Ecumenical Temple
  7619 | Temple   | Became a worshipper of Qazlal Stormbringer
  7619 | Temple   | Reached * piety under Qazlal
  7619 | Temple   | Reached ** piety under Qazlal
  7851 | D:5      | Reached skill level 9 in Axes
  7895 | D:5      | Reached skill level 1 in Invocations
  9095 | D:7      | Reached XP level 9. HP: 37/70 MP: 11/11
  9320 | D:7      | Reached skill level 10 in Axes
  9444 | D:7      | Found a blossoming altar of Fedhas.
  9521 | D:7      | Found Xacwod's Book Emporium.
  9659 | D:7      | Found Adas's Armour Shop.
  9668 | D:7      | Bought a +1 cloak for 149 gold pieces
  9698 | D:7      | Paralysed by a gnoll for 6 turns
  9733 | D:7      | Paralysed by a gnoll for 2 turns
 10062 | D:7      | Paralysed by a gnoll for 7 turns
 10069 | D:7      | HP: 1/70 [gnoll shaman (10)]
 10928 | D:7      | Found Getugyr's General Store.
 10933 | D:7      | Found Cijouf's Specific Store.
 11007 | D:7      | Found Wiesm's Antique Armour Shop.
 11078 | D:7      | Bought a hat for 116 gold pieces
 11078 | D:7      | Bought a pair of smoking gloves for 275 gold pieces
 11078 | D:7      | Identified the +0 pair of gloves of Ixuom {+Blink rF+
                  | Slay+3} (You bought it in a shop on level 7 of the Dungeon)
 11423 | D:8      | Found a flagged portal.
 11591 | D:8      | Reached skill level 11 in Axes
 11637 | D:8      | Reached skill level 5 in Invocations
 12597 | D:9      | Noticed a boulder beetle
 12633 | D:9      | Noticed a jumping spider
 12927 | D:9      | Noticed Maggie
 12937 | D:9      | Killed Maggie
 12938 | D:9      | Reached XP level 10. HP: 71/77 MP: 12/14
 13133 | D:9      | Identified the +3 whip of Gozag's Brutal Revenge {distort,
                  | rElec rPois}
 13156 | D:9      | Reached *** piety under Qazlal
 13532 | D:9      | Noticed Erica
 13649 | D:9      | Found a radiant altar of Vehumet.
 13745 | D:9      | Noticed a catoblepas
 13775 | D:9      | Killed a catoblepas
 13776 | D:9      | Reached skill level 12 in Axes
 14334 | D:9      | HP: 1/77 [boulder beetle (24)]
 14344 | D:9      | Killed a boulder beetle
 14345 | D:9      | Noticed a deep elf pyromancer
 14364 | D:9      | Killed from afar by Erica

Illustrated notes

Levels and vault maps discovered:
D:1:      tarquinn_simple_flora_water_d, layout_basic
D:2:      layout_loops_ring, serial_shops, shop, shop, serial_park_tiny_2,
          hangedman_abyss_or_decor_stabs
D:3:      layout_basic, kennysheep_okawaru_gauntlet, lemuel_round_altar,
          hellmonk_ecumenical_altar_run_dry, serial_shops, shop
D:4:      minmay_polygon_palace, layout_rooms, lemuel_coloured_pillars_altar,
          jmf_multi_god_temple2, minmay_overflow_temple_star_hex,
          uniq_crazy_yiuf_cottage, uniq_grinder, uniq_natasha, uniq_robin
D:5:      layout_basic, minmay_temple_entry_hall, gammafunk_ghost_hive,
          gup_sewer_entry_bowl, kennysheep_generic_room_9
D:6:      layout_cave_pools, minmay_misc_feat_tower, fountainhead
D:7:      layout_cave_pools, fedhas_altar_3, serial_shops,
          nicolae_lakefront_shop, serial_gnoll_camp, gnoll_camp_mini_hut,
          gnoll_camp_mini_shop, gnoll_camp_huts_moat, gnoll_camp_mini_shop,
          nicolae_specific_store
D:8:      layout_basic, enter_bailey_2
D:9:      nzn_winding_woodlands_small [nzn_winding_woodlands_5x15_lazy_stream,
          nzn_winding_woodlands_center_triple_pond,
          nzn_winding_woodlands_5x15_split_checker], layout_loops_corners,
          vehumet_crystals, minmay_misc_feat_alley, uniq_erica, uniq_maggie
Temple:   corrupted_temple

Skill      XL: |  1  2  3  4  5  6  7  8  9 10 |
---------------+-------------------------------+-----
Dodging        | 3 4 5 6 7 8 |  8.7
Axes           | 4 5 6 8 9 11 12 | 12.7
Invocations    | 2 5 7 |  7.3
Fighting       | |  3.2
Stealth        | |  1.7

Action                   |  1- 3 |  4- 6 |  7- 9 | 10-12 || total
-------------------------+-------+-------+-------+-------++-------
Melee: Hand axe          |   168 |   232 |   493 |   132 ||  1025
       Tailslap          |    14 |    23 |    78 |    22 ||   137
       Unarmed           |       |    17 |       |       ||    17
Invok: Upheaval          |       |       |     1 |       ||     1
 Abil: Breathe Lightning |       |       |    25 |     4 ||    29
  Use: Potion            |       |     8 |     1 |       ||     9
       Scroll            |       |     3 |     6 |       ||     9
 Stab: Sleeping          |     2 |     2 |     3 |       ||     7
       Distracted        |     1 |       |       |       ||     1
Armor: Skin              |    51 |    86 |   221 |    24 ||   382
Dodge: Dodged            |   109 |   163 |   376 |    61 ||   709
Block: Other             |       |       |    28 |    13 ||    41

Table legend: (Time is in decaauts)
 A = Elapsed time spent in this place.
 B = Non-inter-level travel time spent in this place.
 C = Inter-level travel time spent in this place.
 D = Time resting spent in this place.
 E = Time spent auto-exploring this place.
 F = Levels seen in this place.
 G = Mean time per level.
                   A        B        C        D        E       F      G
               +--------+--------+--------+--------+--------+-----+--------+
         Total |  14353 |  14120 |    233 |   3460 |   8172 |  11 | 1304.8 |
       Dungeon |  14034 |  13801 |    233 |   3390 |   8064 |   9 | 1559.3 |
        Temple |     58 |     58 |      0 |      0 |     30 |   1 |   58.0 |
         Sewer |    260 |    260 |      0 |     70 |     78 |   1 |  260.0 |
               +--------+--------+--------+--------+--------+-----+--------+

Top non-repeatable levels by time:
     D:4: 2031 daAuts
     D:7: 1842 daAuts
     D:5: 1788 daAuts
     D:3: 1615 daAuts
     D:9: 1525 daAuts
     D:8: 1394 daAuts
     D:1: 1360 daAuts
     D:2: 1309 daAuts
     D:6: 1167 daAuts
   Sewer: 260 daAuts
  Temple: 58 daAuts
